AoeStats
← Notorious Guib

Arena

509667444Analyzed
4v4 RM · 4d ago on Sep 27, 2026· 56m 59s· 8 players
Game mode
Random Map
Map size
Large (8 player)
Population
200
Speed
Normal
Resources
Standard
Victory
Conquest
Starting age
Dark Age
Ending age
Imperial Age
RankedLock teamsTeams togetherTeam positionsShared explorationLock speedFull tech treeHidden civsTurbo modeCheats
Victory
Defeat
🇨🇴 Hindustanis · Colombia
1052
+14
🇭🇰 Bengalis · Hong Kong SAR China
1024
+16
🇹🇷 Khmer · Türkiye
976
+18
🇺🇸 Teutons · United States
967
+18
🇫🇷 Spanish · France
1067
-18
🇫🇷 Inca · France
1001
-16
🇪🇸 Mongols · Spain
999
-16
🇫🇷 Celts · France
991
-16
The Rule
10:47 Feudal Age
13:03 Loom
15:43 Castle Age
13:51 Double-Bit Axe
14:06 Horse Collar
16:51 Bow Saw
18:20 Scale Barding Armor
19:40 Gold Mining
19:44 Stone Mining
20:08 Forging
22:15 Wheelbarrow
23:10 Husbandry
23:21 Bloodlines
23:58 Town Watch
24:09 Fletching
25:11 Hand Cart
26:23 Heavy Plow
28:31 Town Patrol
30:01 Nomads
33:07 Imperial Age
31:54 Ballistics
31:38 Padded Archer Armor
31:34 Bodkin Arrow
32:00 Chain Barding Armor
32:42 Iron Casting
33:05 Light Cavalry
35:22 Parthian Tactics
35:21 Conscription
35:59 Elite Mangudai
38:14 Chemistry
37:33 Leather Archer Armor
37:28 Bracer
38:31 Blast Furnace
36:56 Hussar
40:54 Capped Ram
41:40 Siege Ram
49:24 Drill
Notorious Guib
9:54 Loom
11:39 Feudal Age
16:16 Castle Age
14:22 Double-Bit Axe
14:48 Horse Collar
15:10 Gold Mining
17:36 Bow Saw
18:43 Wheelbarrow
27:13 Imperial Age
26:06 Heavy Plow
26:24 Hand Cart
27:49 Scale Barding Armor
27:31 Elite Conquistador
29:46 Bloodlines
30:04 Chain Barding Armor
32:21 Plate Barding Armor
33:21 Two-Man Saw
32:14 Light Cavalry
34:29 Conscription
35:34 Chemistry
33:59 Hussar
37:07 Forging
55:38 Iron Casting
-Dark-Bambi-
0:32 Loom
11:22 Feudal Age
15:24 Wheelbarrow
20:06 Castle Age
18:25 Horse Collar
18:31 Double-Bit Axe
18:41 Champi Runner
21:07 Heavy Plow
21:18 Bow Saw
24:12 Forging
24:03 Scale Mail Armor
26:22 Champi Warrior
26:25 Pikeman
28:19 Hand Cart
34:49 Imperial Age
33:16 Squires
34:10 Chain Mail Armor
34:31 Iron Casting
36:09 Capped Ram
37:34 Conscription
38:07 Plate Mail Armor
38:35 Elite Champi Warrior
42:53 Elite Skirmisher
45:25 Fletching
45:35 Padded Archer Armor
Noonanx
12:37 Feudal Age
17:11 Castle Age
15:01 Double-Bit Axe
15:03 Horse Collar
19:30 Bow Saw
21:07 Gold Mining
24:19 Wheelbarrow
25:02 Pikeman
25:58 Forging
25:48 Scale Mail Armor
29:04 Gold Shaft Mining
28:22 Stone Mining
28:36 Padded Archer Armor
33:15 Imperial Age
31:05 Hand Cart
30:36 Town Watch
30:38 Loom
30:58 Heavy Plow
31:48 Ballistics
31:43 Fortified Wall
31:29 Murder Holes
32:22 Stone Shaft Mining
33:32 Capped Ram
33:35 Onager
34:24 Siege Engineers
35:22 Chemistry
34:08 Halberdier
36:22 Siege Onager
37:26 Fletching
37:56 Chain Mail Armor
38:17 Iron Casting
40:56 Conscription
46:26 Plate Mail Armor
48:08 Conscription
52:04 Furor Celtica
Governator01
10:31 Feudal Age
10:54 Horse Collar
11:07 Double-Bit Axe
13:14 Wheelbarrow
18:46 Castle Age
19:58 Bow Saw
19:56 Heavy Plow
20:20 Loom
20:54 Hand Cart
31:04 Imperial Age
28:35 Fletching
29:11 Bodkin Arrow
29:38 Ballistics
29:39 Gold Mining
31:52 Fortified Wall
31:54 Masonry
31:58 Forging
32:35 Bloodlines
31:47 Cavalier
33:20 Crenellations
33:47 Conscription
34:11 Scale Barding Armor
34:42 Iron Casting
35:12 Chemistry
34:52 Ironclad
35:03 Fortified Wall
36:10 Two-Man Saw
36:47 Siege Engineers
37:42 Paladin
39:45 Chain Barding Armor
40:25 Blast Furnace
42:00 Plate Barding Armor
47:52 Capped Ram
47:55 Onager
49:53 Hoardings
自古多情空餘恨
2:12 Loom
12:26 Feudal Age
12:51 Double-Bit Axe
14:52 Wheelbarrow
17:06 Castle Age
18:34 Bow Saw
22:56 Horse Collar
24:18 Heavy Plow
27:12 Gold Mining
27:13 Stone Mining
29:35 Gold Shaft Mining
29:07 Padded Archer Armor
28:58 Fletching
32:30 Imperial Age
30:41 Forging
30:39 Scale Barding Armor
31:08 Masonry
32:10 Husbandry
32:21 Bloodlines
32:15 Padded Archer Armor
32:29 Paiks
33:04 Iron Casting
33:42 Conscription
34:40 Two-Man Saw
34:21 Crop Rotation
34:53 Chain Barding Armor
37:12 Mahayana
37:11 Fortified Wall
38:08 Ballistics
38:49 Chemistry
38:52 Blast Furnace
38:28 Plate Barding Armor
38:08 Leather Archer Armor
37:44 Fletching
37:39 Elite Battle Elephant
39:13 Elite Ratha (Ranged)
43:11 Light Cavalry
45:59 Ring Archer Armor
45:24 Bodkin Arrow
49:11 Bracer
monsterr1453
8:24 Feudal Age
8:51 Double-Bit Axe
11:30 Horse Collar
15:30 Loom
17:57 Castle Age
16:05 Gold Mining
20:18 Bow Saw
20:23 Heavy Plow
21:04 Stone Mining
23:16 Gold Shaft Mining
23:56 Town Watch
27:35 Stone Shaft Mining
31:52 Imperial Age
30:29 Wheelbarrow
29:55 Town Patrol
31:12 Padded Archer Armor
31:06 Fletching
31:22 Scale Barding Armor
31:30 Forging
31:27 Husbandry
31:38 Bloodlines
31:56 Hand Cart
33:25 Crop Rotation
33:23 Ballistics
33:15 Masonry
34:33 Conscription
34:14 Tusk Swords
34:56 Leather Archer Armor
34:39 Bodkin Arrow
34:46 Scale Mail Armor
35:15 Double Crossbow
35:49 Elite Ballista Elephant
37:13 Bracer
38:05 Ring Archer Armor
37:55 Chain Barding Armor
38:11 Iron Casting
39:21 Chemistry
38:52 Architecture
42:29 Blast Furnace
43:07 Hoardings
42:17 Light Cavalry
44:08 Plate Barding Armor
43:52 Chain Mail Armor
43:24 Hussar
Oregonfail
11:07 Feudal Age
16:31 Castle Age
14:37 Horse Collar
15:10 Double-Bit Axe
16:07 Gold Mining
16:07 Stone Mining
16:30 Loom
20:41 Bow Saw
30:38 Imperial Age
28:47 Wheelbarrow
28:36 Heavy Plow
29:18 Gold Shaft Mining
30:01 Ballistics
30:22 Bloodlines
30:13 Husbandry
30:25 Forging
30:21 Scale Barding Armor
30:41 Hand Cart
32:37 Two-Man Saw
33:00 Chemistry
31:53 Heavy Camel Rider
33:29 Chain Barding Armor
33:45 Iron Casting
33:32 Thumb Ring
36:17 Imperial Camel Rider
39:30 Plate Barding Armor
39:56 Blast Furnace
41:28 Light Cavalry
45:01 Hussar
Connection lost

Rejoining the realm…

Still unreachable

The connection could not be restored.

Session expired

The server has moved on; the page needs a fresh start.